 Dungeon Crawl Stone Soup version 0.27-a0-978-g2aa4ecdaef (webtiles) character file.

Game seed: 9815219328230402885

457 jestyr24 the Magician (level 7, -2/45 HPs)
             Began as a Djinni Air Elementalist on Apr 14, 2021.
             Slain by an ogre
             ... wielding a +0 giant spiked club
              (29 damage)
             ... on level 5 of the Dungeon on Apr 15, 2021.
             The game lasted 00:21:10 (4504 turns).

jestyr24 the Magician (Djinni Air Elementalist)     Turns: 4504, Time: 00:21:11

Health: -2/45      AC:  3    Str:  7    XL:     7   Next: 6%
Gold:   173        EV: 13    Int: 19    God:
                   SH:  0    Dex: 13

rFire    + + .     SeeInvis .   i - staff of conjuration
rCold    x . .     Faith    .   (no shield)
rNeg     . . .     Spirit   .   a - +0 robe
rPois    ∞         Reflect  .   o - +0 helmet
rElec    .         Harm     .   (no cloak)
rCorr    .         Rampage  .   (no gloves)
Will     .....                  (boots unavailable)
Stlth    ++........             (no amulet)
HPRegen  0.15/turn              (no ring)
MPRegen  0.00/turn              (no ring)

@: flying
A: fire resistance 2, cold vulnerability 1, float, innate caster, hp casting,
extra vitality 1
a: no special abilities


You were on level 5 of the Dungeon.
You visited 1 branch of the dungeon, and saw 5 of its levels.

You collected 173 gold pieces.

Inventory:

Hand Weapons
 c - a +0 hand axe
Missiles
 b - 162 stones
 h - 19 poisoned darts
 r - a throwing net
Armour
 a - a +0 robe (worn)
 o - a +0 helmet (worn)
Magical Staves
 i - a staff of conjuration (weapon)
Scrolls
 d - a scroll of brand weapon {unknown}
 e - a scroll of amnesia {unknown}
 f - a scroll of silence {unknown}
 k - a scroll of teleportation {unknown}
 n - a scroll of holy word {unknown}
 p - 2 scrolls of magic mapping {unknown}
 q - a scroll of noise {unknown}
Potions
 g - a potion of heal wounds {unknown}
 j - a potion of lignification
 l - a potion of curing {unknown}
 m - a potion of brilliance {unknown}


   Skills:
 + Level 0.3 Fighting
 + Level 3.1 Dodging
 - Level 2.4 Stealth
 + Level 6.0 Spellcasting


You couldn't memorise any spells.
You knew the following spells:

 Your Spells              Type           Power      Damage    Failure   Level
a - Shock                 Conj/Air       100%       1d9       1%          1
b - Static Discharge      Conj/Air       43%        N/A       1%          2
c - Swiftness             Air            28%        N/A       2%          3
d - Airstrike             Air            14%        N/A       10%         4
e - Lightning Bolt        Conj/Air       21%        1d36      26%         5
f - Sandblast             Erth           56%        2d13      1%          1
g - Slow                  Hex            28%        N/A       1%          2
h - Summon Guardian Gole  Hex/Summ       28%        N/A       2%          3
Your spell library was empty.

Dungeon Overview and Level Annotations

Branches:
Dungeon (5/15)
 Temple: D:4-7

Altars:
Okawaru


Innate Abilities, Weirdness & Mutations

You are immune to poison.
Your flesh is very heat resistant. (rF++)
You are vulnerable to cold. (rC-)
You float through the air rather than walking.
You learn spells naturally, not from books.
Your magical power is your life essence.
You have superior vitality. (+4 HP)


Message History

Your guardian golem resists.
Something hits your guardian golem!
The ogre hits your guardian golem with a +0 giant spiked club!
The ogre hits your guardian golem with a +0 giant spiked club.
The white imp gestures at you.
The puff of frost hits your guardian golem but does no damage.
The white imp gestures at you.
The puff of frost hits your guardian golem.
Your guardian golem resists.
Casting: Summon Guardian Golem (dangerous; 2% risk of failure)
Confirm with . or Enter, or press ? or * to list all spells.
Aiming: Slow (safe; 1% risk of failure)
Press: ? - help, Shift-Dir - straight line, f/p - ogre
Aim: an ogre, wielding a +0 giant spiked club (chance to affect: 68%)
The ogre struggles to resist.
The white imp hits your guardian golem but does no damage.
The white imp shouts, "Scamper home, thou feeble beetle-headed measle!"
The white imp hits your guardian golem but does no damage.
Casting: Slow (safe; 1% risk of failure)
Confirm with . or Enter, or press ? or * to list all spells.
You feel a surge of power!
The ogre is struck by an arc of lightning!
The ogre is moderately wounded.
You are struck by an arc of lightning.
The ogre is struck by an arc of lightning.
The ogre is heavily wounded.
You are struck by an arc of lightning.
The lightning grounds out.
The white imp gestures at you.
The puff of frost hits your guardian golem but does no damage.
The ogre hits you with a +0 giant spiked club.
Casting: Static Discharge (safe; 1% risk of failure)
Confirm with . or Enter, or press ? or * to list all spells.
You feel a surge of power!
The ogre is struck by an arc of lightning!
The ogre is almost dead.
The lightning grounds out.
The white imp hits your guardian golem but does no damage.
The ogre hits you with a +0 giant spiked club!!
Ouch! That really hurt!
You die...

#.# #.#
#.# #.#
#.# #.#
#.# #.#
#.# #@#
#O# #.#
#.#
#........
.8#######
..5#
....#
.....#


You could see an ogre, a white imp (ally target) and a friendly guardian golem
(summoned).

Vanquished Creatures
  A water moccasin (D:2)
  A scorpion (D:5)
  2 orc priests (D:3)
  A bullfrog skeleton (D:5)
  An iguana (D:4)
  A centaur skeleton (D:4)
  A howler monkey skeleton (D:4)
  3 gnolls (D:4)
  3 adders
  3 worms
  A dart slug (D:1)
  3 orcs
  7 ball pythons
  3 bats
  3 endoplasms
  6 giant cockroaches
  11 goblins
  4 hobgoblins
  13 jackals
  A quokka (D:4)
  A frilled lizard (D:1)
  5 kobolds
  4 rats
79 creatures vanquished.

Notes
Turn   | Place    | Note
-------+----------+-------------------------------------------
     0 | D:1      | jestyr24 the Djinni Air Elementalist began the quest for
                  | the Orb.
     0 | D:1      | Reached XP level 1. HP: 15/15 MP: 0/0
   167 | D:1      | Reached skill level 3 in Spellcasting
   168 | D:1      | Reached XP level 2. HP: 17/21 MP: 0/0
   832 | D:1      | Reached XP level 3. HP: 21/25 MP: 0/0
   832 | D:1      | Learned a level 1 spell: Sandblast
  1448 | D:2      | Noticed a water moccasin
  1454 | D:2      | Killed a water moccasin
  1455 | D:2      | Reached skill level 4 in Spellcasting
  1455 | D:2      | Reached XP level 4. HP: 24/31 MP: 0/0
  1455 | D:2      | Reached XP level 5. HP: 28/35 MP: 0/0
  1455 | D:2      | Learned a level 2 spell: Slow
  2656 | D:3      | Reached skill level 5 in Spellcasting
  2715 | D:3      | Reached XP level 6. HP: 16/40 MP: 0/0
  2939 | D:3      | Found a faded altar of an unknown god.
  2978 | D:3      | Found an iron altar of Okawaru.
  4309 | D:5      | Entered Level 5 of the Dungeon
  4407 | D:5      | Reached skill level 6 in Spellcasting
  4407 | D:5      | Reached XP level 7. HP: 34/45 MP: 0/0
  4407 | D:5      | Learned a level 3 spell: Summon Guardian Golem
  4504 | D:5      | Slain by an ogre

Illustrated notes

Levels and vault maps discovered:
D:1:      dpeg_arrival_lava_temple_mockup, layout_loops_ring
D:2:      layout_basic, dk_noncrumbling_3
D:3:      layout_basic, lemuel_tele_altar, basic_ecumenical_altar,
          nrook_loot_triangle, minmay_statues_item
D:4:      layout_basic
D:5:      layout_basic

Skill      XL: |  1  2  3  4  5  6 |
---------------+-------------------+-----
Spellcasting   | 3 4 5 6 |  6.0
Stealth        | 2 |  2.4
Dodging        | 3 |  3.1
Fighting       | |  0.3

Action                   |  1- 3 |  4- 6 |  7- 9 || total
-------------------------+-------+-------+-------++-------
Melee: Staff             |       |     4 |       ||     4
 Cast: Shock             |    48 |    57 |       ||   105
       Sandblast         |    15 |    28 |       ||    43
       Swiftness         |       |     1 |       ||     1
       Static Discharge  |       |     1 |     2 ||     3
       Slow              |       |       |     1 ||     1
       Summon Guardian G |       |       |     1 ||     1
  Use: Scroll            |       |     2 |       ||     2
Armor: Robe              |     1 |     3 |       ||     4
Dodge: Dodged            |     8 |    17 |       ||    25

Table legend: (Time is in decaauts)
 A = Elapsed time spent in this place.
 B = Non-inter-level travel time spent in this place.
 C = Inter-level travel time spent in this place.
 D = Time resting spent in this place.
 E = Time spent auto-exploring this place.
 F = Levels seen in this place.
 G = Mean time per level.
                   A        B        C        D        E       F      G
               +--------+--------+--------+--------+--------+-----+--------+
         Total |   4501 |   4422 |     79 |   1314 |   2392 |   5 |  900.2 |
       Dungeon |   4501 |   4422 |     79 |   1314 |   2392 |   5 |  900.2 |
               +--------+--------+--------+--------+--------+-----+--------+

Top non-repeatable levels by time:
     D:4: 1316 daAuts
     D:2: 1275 daAuts
     D:1: 1115 daAuts
     D:3: 599 daAuts
     D:5: 194 daAuts
